Unix NetHack Version 5.0.0-0 post-release - last build May 31 2026 23:59:36 (970b52f25bf058293b47ddfd14a1e40e571c508c,branch:main).

Game began 2026-06-02 02:31:41, ended 2026-06-02 03:03:05.

DaveT, lawful male human Priest

            ---------
            |.{.a...|
            |.......|
            |.......|#
            |.......|##
           #a........#
           @|.......|#
           #---------#
                     #
                     ##
                      #
                      #
                      #    --------------            --------
                      #####|...........<.############....%%.|
                          #|............|            |......+
                          #-............|            |%`....|
                           |............|            --------
                           --------------

DaveT the Adept              St:13 Dx:16 Co:11 In:9 Wi:18 Ch:13  Lawful
Dlvl:6  $:1718 HP:0(51) Pw:77(119) AC:5  Xp:8 T:5022  Burdened

Latest messages:
 You feel better.
 The fire ant misses!
 The fire ant bites!
 You avoid harm.
 You kill the fire ant!
 The fire ant misses!
 The fire ant bites!
 You're on fire!
 You miss the fire ant.
 The fire ant bites!
 The fire ant just misses!
 You hit the fire ant!
 The fire ant bites!
 The fire ant misses!
 You hit the fire ant!
 The fire ant turns to flee.
 Wait!  There's something there you can't see!
 It hits!
 Your purse feels lighter.
 You attack thin air.
 The fire ant bites!
 The fire ant bites again!
 You avoid harm.
 You hit the fire ant!
 The fire ant bites!
 The fire ant misses!
 The fire ant bites!
 The fire ant bites again!
 You avoid harm.
 In what direction? .
 You feel better.
 The fire ant bites!
 The fire ant bites again!
 You avoid harm.
 In what direction? .
 You feel better.
 The fire ant bites!
 The fire ant bites again!
 You avoid harm.
 The fire ant bites!
 The fire ant bites again!
 You're on fire!
 You hit the fire ant!
 The fire ant bites!
 The fire ant bites again!
 You're on fire!
 The fire ant bites!
 You die...
 Do you want your possessions identified? [ynq] (y) y
 Do you want to see your attributes? [ynq] (y) q

Inventory:
 Coins    ('$')
  $ - 1718 gold pieces
 Weapons  (')')
  F - 5 blessed +0 arrows (in quiver)
  S - 2 +0 darts
  N - 4 +0 daggers
  q - 2 +0 orcish daggers
  a - a blessed +2 mace (weapon in right hand)
 Armor    ('[')
  o - a +0 orcish helm (being worn)
  c - a blessed +1 small shield (being worn)
  b - a +0 robe (being worn)
 Comestibles  ('%')
  e - a clove of garlic
  j - 2 cursed cram rations
  z - 2 food rations
  f - a sprig of wolfsbane
  Y - a lichen corpse
 Scrolls  ('?')
  A - a cursed scroll of confuse monster
  C - a cursed scroll of create monster
  I - 3 cursed scrolls of enchant armor
  t - a scroll of enchant weapon
  x - a cursed scroll of gold detection
  w - 2 cursed scrolls of identify
  G - a scroll of light
  Q - a scroll of teleportation
  B - 3 cursed scrolls of teleportation
 Spellbooks  ('+')
  g - a spellbook of detect monsters
  k - a spellbook of force bolt
  h - a spellbook of healing
  H - a spellbook of identify
 Potions  ('!')
  J - 2 potions of healing
  d - 3 potions of holy water
 Rings    ('=')
  U - a +1 ring of gain strength
  W - a ring of see invisible
 Wands    ('/')
  D - a wand of locking (0:3)
  n - a wand of magic missile (0:3)
  Z - a cursed wand of nothing (0:5)
  X - a wand of polymorph (0:7)
  i - a cursed wand of slow monster (0:6)
  r - a wand of speed monster (1:7)
  p - a wand of striking (0:5)
 Tools    ('(')
  T - an empty cursed sack
  v - a blindfold
  u - a cursed magic marker (0:19)
  s - a cursed mirror
  m - a +0 pick-axe
  V - a skeleton key
  L - a stethoscope
  M - a tallow candle

DaveT the Priest's attributes:

Background:
 You were an Adept, a level 8 human Priest.
 You were lawful, nominally on a mission for Anu
 who was opposed by Ishtar (neutral) and Anshar (chaotic).
 You were right-handed.
 You were in the Dungeons of Doom, on level 6.
 You entered the dungeon 5022 turns ago.
 It was nighttime.
 There was a full moon in effect when your adventure ended.
 You had 1312 experience points, 1248 more were needed to attain level 9.

Basics:
 You had 0 out of 51 hit points.
 You had 77 out of 119 energy points (spell power).
 Your armor class was 5.
 Your wallet contained 1718 zorkmids.
 Autopickup was off.

Final Characteristics:
 Your strength was 13 (limit:18/100).
 Your dexterity was 16 (limit:18).
 Your constitution was 11 (limit:18).
 Your intelligence was 9 (limit:18).
 Your wisdom was 18 (limit:18).
 Your charisma was 13 (limit:18).

Final Status:
 You weren't hungry.
 You were burdened; movement was slightly slowed.
 You were wielding a mace.
 You had expert skill with mace.

Final Attributes:
 You were piously aligned.
 You were poison resistant.
 You were telepathic.
 You were guarded.
 Your spell casting was enhanced by wearing a robe.
 You were fast.
 You were lucky.
 You are dead.

Miscellaneous:
 You encountered 1 bones level.
 Total elapsed playing time was 31 minutes and 23 seconds.

Major events:
 Turn
    1: DaveT the lawful human Priest entered the dungeon
  516: attained the rank of Acolyte (level 3)
 1122: entered the Gnomish Mines
 2209: attained the rank of Adept (level 6)
 5022: killed by a fire ant

Spells:
 Name                 Level Category     Fail Retention
 detect monsters        1   divination     0%   51%-75%
 healing                1   healing        0%   51%-75%
 force bolt             1   attack         0%  76%-100%
 identify               3   divination    73%  76%-100%

Skills:
 Fighting Skills
   bare handed combat [Unskilled]
 Weapon Skills
   club               [Unskilled]
   mace               [Expert]
   morning star       [Unskilled]
   flail              [Unskilled]
   hammer             [Unskilled]
   quarterstaff       [Unskilled]
   polearms           [Unskilled]
   spear              [Unskilled]
   trident            [Unskilled]
   lance              [Unskilled]
   bow                [Unskilled]
   sling              [Unskilled]
   crossbow           [Unskilled]
   dart               [Basic]
   shuriken           [Unskilled]
   boomerang          [Unskilled]
   unicorn horn       [Unskilled]
 Spellcasting Skills
   healing spells     [Unskilled]
   divination spells  [Unskilled]
   clerical spells    [Basic]

Voluntary challenges:
 Character rerolling was not enabled.
 You were an atheist.
 You never genocided any monsters.
 You never polymorphed an object.
 You never changed form.
 You used no wishes.
Achievements:
 You attained the rank of Acolyte.
 You entered a shop.
 You entered the Gnomish Mines.
 You attained the rank of Adept.

 The Dungeons of Doom: levels 1 to 6
    Level 1:
    Level 2:
       A sink.
    Level 3: "empty vault"
       A tool shop.
       Stairs down to The Gnomish Mines.
    Level 4:
       Some fountains, a grave.
    Level 5: "empty vault"
    Level 6: <- You were here.
       A fountain.
       Final resting place for
          you, killed by a fire ant.
 The Gnomish Mines: levels 4 to 5
    Level 4:
    Level 5:
       A grave.
       Final resting place for
          chris3141592653-Wiz-Elf-Mal-Cha, killed by a dwarf.


Vanquished creatures:
  a ghost
 14 leprechauns
 an ape
  a fire ant
  a bugbear
  a mountain nymph
  a rock piercer
  a rock mole
  a yellow light
  a shrieker
  2 violet fungi
  2 gnome leaders
  a gnomish wizard
  2 gray oozes
 an elf zombie
  9 giant ants
  2 little dogs
  3 floating eyes
  2 dwarves
  2 kobold shamans
  4 hill orcs
  4 orc zombies
  2 werejackals
  2 iguanas
  3 acid blobs
  3 coyotes
  9 manes
  a large kobold
  2 giant rats
  5 cave spiders
  a red mold
 11 gnomes
  6 garter snakes
  3 geckos
  3 jackals
  a fox
  4 kobolds
  3 goblins
  6 grid bugs
  2 bats
  6 lichens
  a kobold zombie
  7 newts
138 creatures vanquished.

No species were genocided or became extinct.

Game over:
                       ----------
                      /          \
                     /    REST    \
                    /      IN      \
                   /     PEACE      \
                  /                  \
                  |      DaveT       |
                  |     1718 Au      |
                  | killed by a fire |
                  |       ant        |
                  |                  |
                  |                  |
                  |       2026       |
                 *|     *  *  *      | *
        _________)/\\_//(\/(/\)/\//\/|_)_______

Goodbye DaveT the Priest...

You died in The Dungeons of Doom on dungeon level 6 with 7135 points,
and 1718 pieces of gold, after 5022 moves.
You were level 8 with a maximum of 51 hit points when you died.

